 Dungeon Crawl Stone Soup version 0.31-a0-986-g5e6e4ef867 (webtiles) character file.

Game seed: 11947517308232096048

11381 zenocrate the Covert (level 11, -5/50 HPs)
             Began as a Vine Stalker Ice Elementalist on Nov 16, 2023.
             Was an Initiate of Gozag.
             Killed from afar by a deep elf zephyrmancer (21 damage)
             ... with a bolt of lightning
             ... on level 11 of the Dungeon.
             The game lasted 00:16:02 (10715 turns).

zenocrate the Covert (VSIE)                        Turns: 10715, Time: 00:16:02

Health: -5/50      AC: 16    Str: 18    XL:     11   Next: 76%
Magic:  0/25       EV: 17    Int: 15    God:    Gozag
Gold:   1263       SH:  0    Dex: 22    Spells: 7/28 levels left

rFire   . . .        b - +1 dagger (elec)
rCold   . . .        (no shield)
rNeg    . . .        c - +0 robe
rPois   .            i - +1 helmet
rElec   .            (no cloak)
rCorr   .            l - +0 pair of gloves
SInv    .            d - +2 pair of boots "Yhoon" {Dex+4}
Will    +....        (no amulet)
Stlth   +++++        v - +6 ring of strength
HPRegen 1.08/turn    w - +5 ring of evasion
MPRegen 0.19/turn

%: guardian spirit
@: ice-armoured, about to teleport, freezing walls, studying Unarmed Combat
A: fangs 3, regeneration 1, magic shield, antimagic bite, no potion heal 2
a: Renounce Religion, Potion Petition, Call Merchant, Bribe Branch


You were on level 11 of the Dungeon.
You worshipped Gozag.
Gozag was most pleased with you.
You visited 2 branches of the dungeon, and saw 12 of its levels.
You also visited: Sewer.

You collected 2214 gold pieces.
You paid 951 gold pieces to Gozag.

Inventory:

Hand Weapons
 a - the +10 short sword "Buim" {antimagic, rF+ rCorr Str+3 Int+3 Dex-4}
   (You found it on level 10 of the Dungeon)

   Str+3:     It affects your strength (+3).
   Int+3:     It affects your intelligence (+3).
   Dex-4:     It affects your dexterity (-4).
   rF+:       It protects you from fire.
   rCorr:     It protects you from acid and corrosion.
 b - a +1 dagger of electrocution (weapon)
 s - a +0 rapier
 F - a +2 dagger of venom
Armour
 c - a +0 robe (worn)
 d - the +2 pair of boots "Yhoon" (worn) {Dex+4}
   (You acquired it on level 6 of the Dungeon)

   Dex+4:     It affects your dexterity (+4).
 i - a +1 helmet (worn)
 l - a +0 pair of gloves (worn)
 C - a +0 kite shield
Jewellery
 v - a +6 ring of strength (left hand)
 w - a +5 ring of evasion (right hand)
 A - a ring of magical power
Wands
 y - a wand of light (9)
 I - a wand of mindburst (6)
Scrolls
 e - 2 scrolls of enchant armour {unknown}
 g - a scroll of brand weapon {unknown}
 h - a scroll of enchant weapon
 k - a scroll of silence {unknown}
 x - a scroll of fear {unknown}
 B - a scroll of fog {unknown}
 G - a scroll of teleportation
 H - 2 scrolls of identify
Potions
 f - 3 potions of cancellation
 j - 2 potions of ambrosia
 m - a potion of invisibility
 n - 2 potions of lignification {unknown}
 o - 5 potions of attraction {unknown}
 p - 2 potions of enlightenment {unknown}
 q - a potion of magic
 r - 5 potions of mutation {unknown}
 t - 2 potions of resistance {unknown}
 u - a potion of haste {unknown}
 z - 3 potions of curing {unknown}
 D - a potion of might {unknown}
 E - a potion of heal wounds {unknown}


   Skills:
 + Level 2.2 Fighting
 + Level 7.5 Short Blades
 - Level 3.4 Armour
 - Level 1.5 Dodging
 + Level 11.1 Stealth
 - Level 9.0 Spellcasting
 + Level 1.9 Hexes
 - Level 1.5 Summonings
 - Level 10.1 Ice Magic
 - Level 2.0 Air Magic


You had 7 spell levels left.
You knew the following spells:

 Your Spells              Type           Power      Damage    Failure   Level
a - Freeze                Ice            100%       1d10      1%          1
b - Frozen Ramparts       Ice            74%        1d12      1%          3
c - Ozocubu's Armour      Ice            37%        N/A       1%          3
d - Airstrike             Air            6%         2d(1-17)  43%         4
e - Summon Ice Beast      Ice/Summ       24%        N/A       10%         4
f - Tukima's Dance        Hex            12%        N/A       14%         3
y - Swiftness             Air            12%        N/A       14%         3

Your spell library contained the following spells:

 Spells                   Type           Power      Damage    Failure   Level
 Shock                    Conj/Air       36%        1d5       7%          1
 Poisonous Vapours        Pois/Air       18%        N/A       11%         2
 Sigil of Binding         Hex            12%        N/A       14%         3
 Call Canine Familiar     Summ           11%        N/A       17%         3
 Mephitic Cloud           Conj/Pois/Air  8%         N/A       24%         3
 Gell's Gravitas          Tloc           6%         N/A       32%         3
 Stone Arrow              Conj/Erth      12%        3d7       32%         3
 Teleport Other           Tloc           6%         N/A       32%         3
 Freezing Cloud           Conj/Ice/Air   9%         6-21      50%         5
 Dimensional Bullseye     Hex/Tloc       4%         N/A       58%         4
 Leda's Liquefaction      Hex/Erth       4%         N/A       58%         4
 Animate Armour           Summ/Erth      18%        N/A       61%         4
 Iskenderun's Mystic Bla  Conj/Tloc      6%         2d4       71%         4
 Dispersal                Tloc           3%         N/A       100%        6
 Lehudib's Crystal Spear  Conj/Erth      3%         10d2      100%        8


Dungeon Overview and Level Annotations

Branches:
Dungeon (11/15)            Temple (1/1) D:4            Lair (0/5) D:11
    Orc (0/2) D:9           Sewer (visited)

Altars:
Ashenzari
Cheibriados
Dithmenos
Elyvilon
Fedhas
Gozag
Hepliaklqana
Kikubaaqudgha
Makhleb
Nemelex Xobeh
Okawaru
Qazlal
Ru
Sif Muna
Trog
Uskayaw
Vehumet
Wu Jian
Xom
Yredelemnul
Zin
The Shining One

Shops:
D:8 *


Innate Abilities, Weirdness & Mutations

You have razor-sharp teeth.
Your natural rate of healing is unusually fast.
When hurt, damage is shared between your health and your magic reserves.
Your bite disrupts and absorbs the magic of your enemies.
Potions cannot restore your health.


Message History

The fire elemental is frozen!
The wall freezes the fire elemental.
The wall freezes something but does no damage.
Something hits you but does no damage.
The wall freezes the deep elf pyromancer.
The deep elf pyromancer hits you but does no damage.
The deep elf zephyrmancer gestures wildly while chanting.
The deep elf zephyrmancer blinks!
The deep elf pyromancer mumbles some strange words.
The deep elf pyromancer blinks!
The wall freezes the deep elf pyromancer!
The fire elemental is frozen!
The wall freezes the fire elemental!
You barely miss the deep elf pyromancer.
Your bite misses the deep elf pyromancer.
The deep elf pyromancer is heavily wounded.
The wall freezes something.
Something hits you but does no damage.
The deep elf zephyrmancer is engulfed in blazing flames.
The wall freezes the deep elf pyromancer!
The wall freezes the deep elf zephyrmancer!
The deep elf zephyrmancer hits you with a +0 rapier.
The fire elemental is frozen!
The wall freezes the fire elemental.
You hit the deep elf pyromancer.
The deep elf pyromancer is severely wounded.
The wall freezes something but does no damage.
Something hits you.
The wall freezes something.
Something hits you!
Unknown command.
You hit the deep elf pyromancer.
You bite the deep elf pyromancer, but do no damage.
The deep elf pyromancer is severely wounded.
The wall freezes something.
Something hits you but does no damage.
The fire elemental is frozen!
The wall freezes the fire elemental.
The wall freezes something.
Something hits you but does no damage.
The deep elf pyromancer gestures wildly while chanting.
The deep elf pyromancer blinks!
The wall freezes the deep elf pyromancer!
The deep elf pyromancer hits you with a +0 short sword.
The wall freezes the deep elf zephyrmancer!
The deep elf zephyrmancer gestures at you while chanting.
The bolt of lightning hits you!!
You die...
Your body crumbles into a pile of gold.

#.....)..###
#..........#
##....P.♣..P.
#P.PP..♣.....
##.P........P.
#.P...........
###########...♣♣....P...
......e..##.......>.....
#@.##...P.........
#..Ee#{.#.............
..e##§E##..#............
○E.. ##.#............
.○○.# #..........P...
..e?>. #...#.....P...#
°.eo.# .#...#.......###
.e... ............##
##..........####


You could see 4 deep elf pyromancers, 2 deep elf zephyrmancers, 3 fire
elementals and an orc.

Vanquished Creatures
  2 two-headed ogres (D:10)
  A boulder beetle (D:10)
  Amaemon (D:10)
  Nergalle (D:10)
  A cyclops (D:11)
  A manticore (D:11)
  Joseph (D:9)
  An unseen horror (D:10)
  2 kobold demonologists (D:10)
  An orange demon (D:10)
  A hornet (D:8)
  Grinder (D:3)
  4 wyverns
  7 yaks (D:10)
  A wraith (D:10)
  A basilisk (D:10)
  Menkaure (D:7)
  Edmund (D:6)
  An acid dragon (D:9)
  4 water moccasins
  Duvessa (D:7)
  4 black bears
  3 sky beasts
  An ice beast (D:6)
  An ogre (D:4)
  3 centaurs
  A phantom (D:4)
  5 bullfrogs
  2 gnoll sergeants
  3 scorpions
  3 wights (D:7)
  Dowan (D:7)
  9 killer bees
  A howler monkey (D:8)
  4 orc priests
  4 hounds
  A gnoll bouda (D:9)
  Jessica (D:2)
  A sleepcap (D:7)
  An iguana (D:10)
  11 orc wizards
  12 gnolls
  7 adders
  A shadow imp (D:6)
  4 ufetubi
  3 worms
  2 dart slugs
  42 orcs
  10 endoplasms
  13 giant cockroaches
  9 goblins
  10 hobgoblins
  2 jackals (D:1)
  8 kobolds
  5 quokkas
  14 ball pythons
  7 bats
  13 frilled lizards
  13 rats
270 creatures vanquished.

Notes
Turn   | Place    | Note
-------+----------+-------------------------------------------
     0 | D:1      | zenocrate the Vine Stalker Ice Elementalist began the quest
                  | for the Orb.
     0 | D:1      | Reached XP level 1. HP: 9/9 MP: 4/4
   261 | D:1      | Reached XP level 2. HP: 5/13 MP: 1/6
   642 | D:1      | Reached XP level 3. HP: 16/16 MP: 7/7
   807 | D:1      | Reached skill level 3 in Stealth
  1101 | D:1      | Learned a level 3 spell: Frozen Ramparts
  1120 | D:2      | Noticed Jessica
  1126 | D:2      | Killed Jessica
  1127 | D:2      | Reached skill level 1 in Short Blades
  1127 | D:2      | Reached XP level 4. HP: 15/21 MP: 3/9
  1131 | D:2      | Learned a level 3 spell: Ozocubu's Armour
  1359 | D:2      | Found an opulent altar of Gozag.
  1400 | D:2      | Became a worshipper of Gozag Ym Sagoz the Greedy
  2189 | D:3      | Noticed Grinder
  2203 | D:3      | Paralysed by Grinder for 3 turns
  2219 | D:3      | Killed Grinder
  2220 | D:3      | Reached skill level 4 in Stealth
  2220 | D:3      | Reached skill level 5 in Ice Magic
  2220 | D:3      | Reached XP level 5. HP: 4/24 MP: 1/11
  2220 | D:3      | Reached XP level 6. HP: 5/28 MP: 1/12
  2319 | D:3      | Noticed a black bear
  2333 | D:3      | Killed a black bear
  2542 | D:3      | Reached XP level 7. HP: 32/32 MP: 13/13
  2668 | D:3      | Found a faded altar of an unknown god.
  2973 | D:4      | Learned a level 4 spell: Airstrike
  3091 | D:4      | Reached skill level 5 in Stealth
  3318 | D:4      | Found a broken altar of Ashenzari.
  3525 | D:4      | Found a staircase to the Ecumenical Temple.
  3533 | Temple   | Entered the Ecumenical Temple
  3823 | D:5      | Entered Level 5 of the Dungeon
  4238 | D:5      | Reached skill level 6 in Stealth
  4238 | D:5      | Gained mutation: You have razor-sharp teeth. [Vine Stalker
                  | growth]
  4238 | D:5      | Reached XP level 8. HP: 36/36 MP: 15/15
  4718 | D:6      | Identified a scroll of acquirement
  4718 | D:6      | Acquired the +2 pair of boots "Yhoon" {Dex+4}
  4769 | D:6      | Identified the +6 battleaxe of Otanish {freeze, *Corrode
                  | rC+ rN+}
  4797 | D:6      | Reached skill level 5 in Spellcasting
  4934 | D:6      | Found a glowing drain.
  4940 | Sewer    | Entered a sewer
  5676 | D:6      | Learned a level 3 spell: Swiftness
  5760 | D:6      | Found a white marble altar of Elyvilon.
  5764 | D:6      | Found a hazy altar of Hepliaklqana.
  5768 | D:6      | Found a sparkling altar of Nemelex Xobeh.
  5916 | D:6      | Reached skill level 7 in Stealth
  5922 | D:6      | Noticed Edmund
  5929 | D:6      | Killed Edmund
  5938 | D:6      | Reached XP level 9. HP: 37/39 MP: 16/19
  5972 | D:6      | Found a stormy altar of Qazlal.
  6100 | D:7      | Noticed Menkaure
  6103 | D:7      | Killed Menkaure
  6134 | D:7      | Noticed Duvessa
  6135 | D:7      | Noticed Dowan
  6141 | D:7      | Killed Duvessa
  6149 | D:7      | Killed Dowan
  6235 | D:7      | Reached skill level 1 in Armour
  6354 | D:7      | Reached skill level 5 in Short Blades
  6521 | D:7      | Reached skill level 8 in Stealth
  7049 | D:8      | HP: 1/39 [killer bee (4)]
  7196 | D:8      | Noticed a hornet
  7269 | D:8      | Killed a hornet
  7338 | D:8      | Found Erhaulus's Overcharged Wands.
  7622 | D:8      | Reached XP level 10. HP: 35/44 MP: 6/21
  7735 | D:8      | Found a snail-covered altar of Cheibriados.
  7921 | D:9      | Found a staircase to the Orcish Mines.
  8137 | D:9      | Reached skill level 9 in Stealth
  8269 | D:9      | Noticed Joseph
  8298 | D:9      | Killed Joseph
  8672 | D:9      | Learned a level 4 spell: Summon Ice Beast
  8674 | D:10     | Entered Level 10 of the Dungeon
  8693 | D:10     | Noticed Amaemon
  8693 | D:10     | Noticed an orange demon
  8698 | D:10     | Noticed a kobold demonologist
  8816 | D:10     | Found a glowing golden altar of the Shining One.
  8905 | D:10     | Killed Amaemon
  8909 | D:10     | Killed an orange demon
  8989 | D:10     | Reached skill level 10 in Stealth
  9195 | D:10     | Killed an unseen horror
  9196 | D:10     | Reached XP level 11. HP: 32/47 MP: 10/24
  9357 | D:10     | Identified the +10 short sword "Buim" {antimagic, rF+ rCorr
                  | Str+3 Int+3 Dex-4}
  9372 | D:10     | Noticed Nergalle
  9374 | D:10     | Killed Nergalle
  9517 | D:10     | Noticed a two-headed ogre
  9524 | D:10     | Killed a two-headed ogre
  9525 | D:10     | Reached skill level 10 in Ice Magic
  9710 | D:10     | Noticed a soul eater
  9946 | D:11     | Noticed a manticore
 10021 | D:11     | Noticed a boulder beetle
 10029 | D:11     | Killed a manticore
 10133 | D:10     | Killed a boulder beetle
 10134 | D:10     | Reached skill level 1 in Fighting
 10134 | D:10     | Reached skill level 1 in Air Magic
 10212 | D:11     | Learned a level 3 spell: Tukima's Dance
 10274 | D:11     | Noticed a two-headed ogre
 10396 | D:10     | Killed a two-headed ogre
 10397 | D:10     | Reached skill level 1 in Hexes
 10397 | D:10     | Reached skill level 1 in Summonings
 10470 | D:11     | Noticed a cyclops
 10484 | D:10     | Reached skill level 11 in Stealth
 10611 | D:11     | Killed a cyclops
 10654 | D:11     | Found a staircase to the Lair.
 10706 | D:11     | Noticed a deep elf pyromancer
 10706 | D:11     | Noticed a deep elf pyromancer
 10706 | D:11     | Noticed a deep elf zephyrmancer
 10706 | D:11     | Noticed a deep elf pyromancer
 10706 | D:11     | Noticed a deep elf pyromancer
 10706 | D:11     | Noticed a deep elf zephyrmancer
 10707 | D:11     | Noticed a deep elf pyromancer
 10707 | D:11     | Noticed a deep elf pyromancer
 10707 | D:11     | Noticed a deep elf pyromancer
 10715 | D:11     | Killed from afar by a deep elf zephyrmancer

Illustrated notes

Levels and vault maps discovered:
D:1:      dpeg_arrival_ratfight, layout_loops_corners
D:2:      wad_pebble_path, layout_basic, basic_altar, uniq_jessica
D:3:      layout_basic, ebering_ecumenical_altar_webs, uniq_grinder
D:4:      layout_basic, overflow_temple_1_default, minmay_temple_entry_wispy,
          serial_aquarium, aquarium_bridge_square [aquarium_subvault_bridge,
          aquarium_subvault_balcony, aquarium_subvault_wall,
          aquarium_subvault_bridge], aquarium_bridge_square
          [aquarium_subvault_bridge, aquarium_subvault_bridge,
          aquarium_subvault_bridge, aquarium_subvault_bridge],
          aquarium_window_fake, aquarium_window_corner, aquarium_view_2b,
          aquarium_balcony_5a, aquarium_pool_S, minmay_small_thing
D:5:      layout_gridville, minmay_misc_feat_tiny, minmay_manual_moon
D:6:      layout_basic, grunt_temple_overflow_diamond, grunt_qazlal_clouds,
          mainiacjoe_sewer_entry_somewhere_in_here_1, uniq_edmund
D:7:      layout_loops_corners, uniq_duvessa, uniq_menkaure
D:8:      layout_cave_pools, marbit_many_paths, serial_park_tiny_2,
          nicolae_shop_overcharged_wands
D:9:      layout_gridville, minmay_orc_entry_temple_small, uniq_joseph
D:10:     layout_basic, kennysheep_mini_moat, uniq_amaemon, uniq_nergalle
D:11:     layout_cross, minmay_lair_entry_grove, elves_outpost_lemuel
Temple:   eino_wide_crystal_templ

Skill      XL: |  1  2  3  4  5  6  7  8  9 10 11 |
---------------+----------------------------------+-----
Stealth        | 3 4 6 7 8 10 11 | 11.1
Short Blades   | 1 2 3 4 5 6 7 |  7.5
Spellcasting   | 3 4 6 7 8 9 |  9.0
Ice Magic      | 5 6 7 8 9 10 | 10.1
Armour         | 2 3 |  3.4
Fighting       | 2 |  2.2
Air Magic      | 2 |  2.0
Hexes          | 1 |  1.9
Summonings     | 1 |  1.5
Dodging        | |  1.5

Action                     |  1- 3 |  4- 6 |  7- 9 | 10-12 || total
---------------------------+-------+-------+-------+-------++-------
  Melee: Dagger            |    47 |   101 |   290 |   157 ||   595
         Bite              |    11 |    25 |    84 |    65 ||   185
         Unarmed           |     1 |       |       |       ||     1
         Punch             |       |       |     3 |     1 ||     4
         Short sword       |       |       |       |    26 ||    26
   Cast: Freeze            |    11 |     3 |    28 |    39 ||    81
         Frozen Ramparts   |       |     2 |     8 |    24 ||    34
         Ozocubu's Armour  |       |       |     4 |    17 ||    21
 Invoke: Potion Petition   |       |       |     2 |       ||     2
  Evoke: Wand              |       |       |       |     4 ||     4
    Use: Scroll            |       |     3 |     6 |     4 ||    13
   Stab: Sleeping          |    13 |     5 |    19 |     3 ||    40
         Distracted        |       |     1 |     4 |     1 ||     6
         Invisible         |       |       |       |     2 ||     2
 Armour: Robe              |    26 |    49 |   164 |   199 ||   438
  Dodge: Dodged            |    26 |    48 |   188 |   207 ||   469

Table legend: (Time is in decaauts)
 A = Elapsed time spent in this place.
 B = Non-inter-level travel time spent in this place.
 C = Inter-level travel time spent in this place.
 D = Time resting spent in this place.
 E = Time spent auto-exploring this place.
 F = Levels seen in this place.
 G = Mean time per level.
                   A        B        C        D        E       F      G
               +--------+--------+--------+--------+--------+-----+--------+
         Total |  10761 |  10364 |    397 |     62 |   8209 |  13 |  827.8 |
       Dungeon |  10004 |   9607 |    397 |     62 |   7711 |  11 |  909.5 |
        Temple |      4 |      4 |      0 |      0 |      0 |   1 |    4.0 |
         Sewer |    752 |    752 |      0 |      0 |    498 |   1 |  752.0 |
               +--------+--------+--------+--------+--------+-----+--------+

Top non-repeatable levels by time:
    D:10: 1830 daAuts
     D:1: 1118 daAuts
     D:4: 1058 daAuts
     D:2: 954 daAuts
     D:7: 931 daAuts
     D:5: 885 daAuts
     D:9: 872 daAuts
   Sewer: 752 daAuts
     D:6: 744 daAuts
     D:8: 740 daAuts
     D:3: 669 daAuts
    D:11: 198 daAuts
  Temple: 4 daAuts
